 Dungeon Crawl Stone Soup version 0.22-a0-117-g314b907 (webtiles) character file.

389 sankara the Sneak (level 6, -5/69 HPs)
             Began as a Vampire Berserker on Jan 29, 2018.
             Was a Priest of Trog.
             Slain by Duvessa
             ... wielding a +0 rapier
              (8 damage)
             ... on level 4 of the Dungeon.
             The game lasted 00:11:04 (2904 turns).

sankara the Sneak (Vampire Berserker)               Turns: 2904, Time: 00:11:05

Health: -5/69      AC:  3    Str: 21    XL:     6   Next: 49%
Magic:  0/6        EV: 13    Int: 13    God:    Trog [***...]
Gold:   173        SH:  0    Dex: 16    Spells: 5/5 levels left

rFire    . . .     SeeInvis +   a - +0 falchion
rCold    . . .     Gourm    .   (no shield)
rNeg     + . .     Faith    .   p - +0 robe
rPois    .         Spirit   +   (no helmet)
rElec    .         Reflect  .   e - scarf {Spirit}
rCorr    .         Harm     .   m - +0 pair of gloves
MR       .....                  (no boots)
Stlth    ..........             g - amulet of regeneration
HPRegen  0.61/turn              v - +4 ring of intelligence
MPRegen  0.10/turn              (no ring)

@: berserking (expiring), hasted, very quick
A: fangs 3, see invisible, unbreathing
a: Bat Form, Berserk, Trog's Hand, Burn Spellbooks, Renounce Religion


You were on level 4 of the Dungeon.
You worshipped Trog.
Trog was most pleased with you.
You were not thirsty.

You visited 1 branch of the dungeon, and saw 4 of its levels.

You collected 173 gold pieces.

Inventory:

Hand Weapons
 a - a +0 falchion (weapon)
 b - a +0 dagger
 i - a +0 hunting sling
Missiles
 f - 62 stones (quivered)
 l - 23 poisoned needles
Armour
 e - a scarf of spirit shield (worn)
 j - a scarf of cloud immunity
 m - a +0 pair of gloves (worn)
 p - a +0 robe (worn)
Jewellery
 g - an amulet of regeneration (around neck)
 v - a +4 ring of intelligence (left hand)
Wands
 s - a wand of clouds (4)
Scrolls
 k - 2 scrolls of identify {unknown}
 n - a scroll of magic mapping {unknown}
 t - a scroll of blinking {unknown}
 u - 2 scrolls of teleportation {unknown}
 x - a scroll of remove curse {unknown}
 y - a scroll of fog {unknown}
Potions
 d - 20 potions of blood
 h - a potion of cancellation
 o - a potion of curing
 q - a potion of haste
 r - 2 potions of might {unknown}
 w - a potion of heal wounds {unknown}
 z - a potion of flight {unknown}


   Skills:
 - Level 2.6 Fighting
 - Level 3.0 Long Blades
 + Level 3.7 Throwing
 - Level 1.5 Armour
 - Level 2.1 Dodging
 + Level 7.3 Stealth


You had 5 spell levels left.
You didn't know any spells.

Dungeon Overview and Level Annotations

Branches:
Dungeon (4/15)
 Temple: D:4-7

Altars:
Uskayaw

Annotations:
D:4 Duvessa


Innate Abilities, Weirdness & Mutations

You have razor-sharp teeth.
You have supernaturally acute eyesight. (SInv)
You can survive without breathing.


Message History

a - a +0 falchion (weapon)
A red film seems to cover your vision as you go berserk!
You feel yourself moving faster!
You feel mighty!
You feel a lot more thirsty. Duvessa hits you with a rapier!
You hit Duvessa but do no damage. You bite Duvessa.
Duvessa is lightly wounded.
Duvessa hits you with a rapier!
* * * LOW HITPOINT WARNING * * *
You barely miss Duvessa.
Duvessa is lightly wounded.
Duvessa hits you with a rapier.
* * * LOW HITPOINT WARNING * * *
You barely miss Duvessa.
Duvessa is lightly wounded.
Duvessa hits you with a rapier!
* * * LOW HITPOINT WARNING * * *
You hear a shout!
You feel a strong urge to attack something.
Duvessa hits you with a rapier!
You die...

............###
............#..
............#.########
.$..........#.#......#
##+#...)....#.#.####.#
......?.># #.#.# #.#
.#.###.#.####.#.####.#
#.#e............#
#.#@####.#.######.
#.#.# #.#........
#.#.# #.#########
#.#.# #.# #.#.####.#
#........# ###.######
#.# #.... #.#


You could see Duvessa (berserk).

Vanquished Creatures
  Sigmund (D:2)
  Dowan (D:4)
  An orc wizard (D:3)
  A centaur skeleton (D:3)
  A hound skeleton (D:4)
  4 adders
  2 dart slugs (D:1)
  A leopard gecko (D:1)
  4 orcs (D:3)
  3 ball pythons
  6 bats
  5 giant cockroaches
  11 goblins
  10 hobgoblins
  6 jackals (D:3)
  3 kobolds
  A frilled lizard (D:3)
  6 rats
67 creatures vanquished.

Notes
Turn   | Place    | Note
-------+----------+-------------------------------------------
     0 | D:1      | sankara the Vampire Berserker began the quest for the Orb.
     0 | D:1      | Reached XP level 1. HP: 17/17 MP: 1/1
   343 | D:1      | Reached skill level 1 in Stealth
   368 | D:1      | Reached skill level 2 in Stealth
   368 | D:1      | Reached XP level 2. HP: 15/23 MP: 2/2
   475 | D:1      | Reached skill level 1 in Throwing
   854 | D:1      | Reached skill level 3 in Stealth
   854 | D:1      | Reached XP level 3. HP: 26/28 MP: 3/3
  1446 | D:2      | Noticed Sigmund
  1481 | D:2      | Killed Sigmund
  1481 | D:2      | Reached skill level 5 in Stealth
  1481 | D:2      | Reached XP level 4. HP: 34/34 MP: 2/4
  1481 | D:2      | Reached XP level 5. HP: 39/39 MP: 2/5
  1660 | D:2      | Reached skill level 6 in Stealth
  1768 | D:2      | Reached ** piety under Trog
  2111 | D:3      | Reached XP level 6. HP: 30/46 MP: 0/6
  2337 | D:3      | Found a hide-covered altar of Uskayaw.
  2856 | D:4      | Reached skill level 7 in Stealth
  2883 | D:4      | Noticed Dowan
  2893 | D:4      | Noticed Duvessa
  2894 | D:4      | Killed Dowan
  2894 | D:4      | Reached *** piety under Trog
  2901 | D:4      | HP: 2/69 [Duvessa/rapier (11)]
  2904 | D:4      | Slain by Duvessa

Vault maps used:
D:1:      nzn_arrival_water_spiral
D:2:      uniq_sigmund
D:3:      eat_drink_and_be_merry_uskayaw, first_ration
D:4:      uniq_duvessa, uniq_pikel, uniq_natasha

Skill      XL: |  1  2  3  4  5  6 |
---------------+-------------------+-----
Stealth        | 2 3 5 6 7 |  7.3
Throwing       | 1 3 |  3.7
Fighting       | |  2.6
Long Blades    | |  3.0
Armour         | |  1.5
Dodging        | |  2.1

Action                   |  1- 3 |  4- 6 || total
-------------------------+-------+-------++-------
Melee: Falchion          |    75 |    50 ||   125
       Bite              |     8 |     9 ||    17
       Dagger            |     1 |    39 ||    40
Invok: Berserk           |     3 |     2 ||     5
  Use: Potion            |     3 |     9 ||    12
 Stab: Sleeping          |     3 |    11 ||    14
Armor: Animal skin       |    15 |       ||    15
       Robe              |     1 |    22 ||    23
Dodge: Dodged            |    41 |    66 ||   107
       Rpst.: Falchion   |    11 |    12 ||    23

Table legend:
 A = Spawn XP
 B = Non-spawn XP
 C = Spawn XP percentage of total XP
 D = Spawn monster count
 E = Non-spawn monster count
 F = Spawn count percentage of total count
 G = Total turns spent on level
                    A         B        C        D         E        F      G
               +---------+---------+-------+---------+---------+-------+---------
         Total |       0 |     556 |   0.0 |       0 |      67 |   0.0 |  2904
               +---------+---------+-------+---------+---------+-------+---------
           D:1 |       0 |      54 |   0.0 |       0 |      29 |   0.0 |  1310
           D:2 |       0 |     249 |   0.0 |       0 |       8 |   0.0 |   767
           D:3 |       0 |     166 |   0.0 |       0 |      28 |   0.0 |   740
           D:4 |       0 |      87 |   0.0 |       0 |       2 |   0.0 |    87
               +---------+---------+-------+---------+---------+-------+---------
